Unix NetHack Version 3.7.0-53 Work-in-progress - last build Apr 18 2022 03:42:42 (02b85442fffe0e2954e411e09df771b56fe27bbc,branch:master). Game began 2022-04-26 10:11:52, ended 2022-04-26 10:23:20. Arasaka, neutral male gnomish Healer ------ ---- |....- |..--- --..... --....| ------ -- --..... |.....-- ----....--.-- |.....- ---- ----......| |......@....| ---- |.....-- |..| |....---..| |........G.........| --....[--|..| |.---- --- |....if.---..--- | |......|-..| --.| |....|.-- | |.|..|.|..---|..| -...-|.| |.|--|.|-..|.|%-- ...-- |.| |.| |.|.......-- --- |.| |.| |..........-- |.| ------ |.| ---.........--- ----.| --....-------.| --..........--- |..[.| |.............| ---..........-- |.^-----|..[--------..| --..........| |.......--..-- |..| |..........| -------......| ..| --...--%.<.| -------- -.-- --.----.--- --- --- --- Arasaka the Rhizotomist St:8 Dx:9 Co:16 In:10 Wi:15 Ch:18 Neutral Dlvl:7 $:1209 HP:0(13) Pw:5(5) AC:8 Xp:1/7 T:1408 Latest messages: Behemoth bites the dwarf. The dwarf is killed! Behemoth eats a dwarf corpse. You feel less confused now. What do you want to use or apply? [cf-ikqzA-C or ?*] In what direction? Status of Behemoth (neutral): Level 7 HP 36(51) AC 4, tame. Behemoth bites the dwarf. Behemoth misses the dwarf. Behemoth bites the dwarf. The dwarf wields a broad short sword! Behemoth misses the dwarf. Behemoth bites the dwarf. The dwarf is killed! $ - 21 gold pieces. There are several more objects here. You have a little trouble lifting a hard hat. Continue? [ynq] (q) You swap places with Behemoth. A board beneath you squeaks a D note loudly. You see here a lock pick. I - a lock pick. Please move the cursor to an unknown object. (For instructions type a '?') The giant rat bites! You miss the giant rat. The giant rat bites! The giant rat bites! Please move the cursor to an unknown object. (For instructions type a '?') You swap places with Behemoth. Behemoth drops a pair of hard shoes. Behemoth bites the giant rat. The giant rat bites Behemoth. Behemoth bites the giant rat. The giant rat is killed! You are beginning to feel weak. You swap places with Behemoth. You see here a pair of hard shoes. Are you sure you want to pray? [yn] (n) You begin praying to Hermes. You are surrounded by a shimmering light. You finish your prayer. You feel that Hermes is well-pleased. Your stomach feels content. The homunculus bites! You hit the homunculus. The homunculus bites! You fall into a pit! You land on a set of sharp iron spikes! You die... Major events: Turn 1: Arasaka the neutral male gnomish Healer entered the dungeon 802: entered the Gnomish Mines 1408: fell into a pit of iron spikes Inventory: Coins ('$') $ - 1209 gold pieces Weapons (')') a - an uncursed +0 scalpel (weapon in hand) Armor ('[') b - an uncursed +1 pair of leather gloves (being worn) s - an uncursed +0 pair of iron shoes y - an uncursed +0 dwarvish cloak Scrolls ('?') n - an uncursed scroll of enchant weapon m - an uncursed scroll of identify l - a cursed scroll of taming Spellbooks ('+') h - a blessed spellbook of extra healing g - a blessed spellbook of healing k - an uncursed spellbook of jumping i - a blessed spellbook of stone to flesh Potions ('!') e - 4 uncursed potions of extra healing d - 3 uncursed potions of healing Rings ('=') o - a cursed ring of aggravate monster Wands ('/') A - an uncursed wand of digging (0:6) f - an uncursed wand of sleep (0:2) Tools ('(') z - an uncursed expensive camera (0:71) C - an uncursed leash I - an uncursed lock pick B - an uncursed magic lamp q - an uncursed +0 pick-axe c - an uncursed stethoscope Gems/Stones ('*') v - an uncursed emerald u - 3 uncursed worthless pieces of black glass H - an uncursed worthless piece of blue glass x - an uncursed worthless piece of green glass D - an uncursed worthless piece of red glass Arasaka the Healer's attributes: Background: You were a Rhizotomist, a level 1 male gnomish Healer. You were neutral, on a mission for Hermes who was opposed by Athena (lawful) and Poseidon (chaotic). You were in the Gnomish Mines, on level 7. You entered the dungeon 1408 turns ago. You had 7 experience points, 13 more were needed to attain level 2. Basics: You had 0 out of 13 hit points. You had all 5 energy points (spell power). Your armor class was 8. Your wallet contained 1209 zorkmids. Autopickup was on for '$"?' plus thrown, with exceptions. Final Characteristics: Your strength was 8 (limit:18/50). Your dexterity was 9 (limit:18). Your constitution was 16 (limit:18). Your intelligence was 10 (limit:19). Your wisdom was 15 (limit:18). Your charisma was 18 (limit:18). Final Status: You were trapped in a spiked pit. You were not hungry. You were unencumbered. You were wielding a knife. You had basic skill with knife. Final Attributes: You were devoutly aligned. You were poison resistant. You had infravision. You are dead. Miscellaneous: You disabled loading of bones levels. Total elapsed playing time was 11 minutes and 27 seconds. Vanquished creatures: 6 dwarves a rabid rat 2 wererats 3 acid blobs 2 hobbits a hobgoblin 4 giant rats a brown mold 3 gnomes a gnome zombie a gecko a jackal a kobold 3 goblins a grid bug 4 lichens 2 kobold zombies 4 newts 41 creatures vanquished. No species were genocided or became extinct. Voluntary challenges: You read items or engraved 5 times. You engraved Elbereth 2 times. You never genocided any monsters. You never polymorphed an object. You never changed form. You used no wishes. Achievement: You entered the Gnomish Mines. The Dungeons of Doom: levels 1 to 4 Level 1: A fountain. Level 2: A grave. Level 3: Level 4: Stairs down to The Gnomish Mines. The Gnomish Mines: levels 5 to 7 Level 5: Level 6: Level 7: <- You were here. Final resting place for you, fell into a pit of iron spikes. Game over: ---------- / \ / REST \ / IN \ / PEACE \ / \ | Arasaka | | 1209 Au | | fell into a pit | | of iron spikes | | | | | | 2022 | *| * * * | * _________)/\\_//(\/(/\)/\//\/|_)_______ Goodbye Arasaka the Healer... You died in The Gnomish Mines on dungeon level 7 with 394 points, and 1209 pieces of gold, after 1408 moves. You were level 1 with a maximum of 13 hit points when you died.